 Dungeon Crawl Stone Soup version 0.25-a0-780-g622e69b (webtiles) character file.

Game seed: 7791839965682502717, levelgen mode: deterministic

217 Felrender the Skirmisher (level 6, -17/49 HPs)
             Began as a Formicid Abyssal Knight on Apr 14, 2020.
             Was a Believer of Lugonu.
             Demolished by an ogre
             ... wielding a +0 giant spiked club
              (23 damage)
             ... on level 4 of the Dungeon.
             The game lasted 00:08:42 (3411 turns).

Felrender the Skirmisher (Formicid Abyssal Knight)  Turns: 3411, Time: 00:08:44

Health: -17/49     AC:  8    Str: 19    XL:     6   Next: 16%
Magic:  7/7        EV: 10    Int: 11    God:    Lugonu [**....]
Gold:   103        SH:  0    Dex: 10    Spells: 5/5 levels left

rFire    . . .     SeeInvis +   a - +1 falchion
rCold    . . .     Gourm    .   (no shield)
rNeg     . . .     Faith    .   p - +0 scale mail
rPois    .         Spirit   .   (helmet unavailable)
rElec    .         Reflect  .   (no cloak)
rCorr    .         Harm     .   (no gloves)
MR       .....                  q - +0 pair of boots
Stlth    ..........             (no amulet)
HPRegen  0.16/turn              (no ring)
MPRegen  0.10/turn              (no ring)

@: no status effects
A: permanent stasis, dig shafts and tunnels, four strong arms, antennae 3
a: Dig, Shaft Self, Depart the Abyss, Bend Space, Renounce Religion


You were on level 4 of the Dungeon.
You worshipped Lugonu.
Lugonu was pleased with you.
You were not hungry.

You visited 1 branch of the dungeon, and saw 4 of its levels.
You visited the Abyss 1 time.

You collected 103 gold pieces.

Inventory:

Hand Weapons
 a - a +1 falchion (weapon)
 i - a +2 flail of holy wrath
Missiles
 h - 20 sling bullets
 n - 14 boomerangs (quivered)
Armour
 b - a +0 leather armour
 p - a +0 scale mail (worn)
 q - a +0 pair of boots (worn)
 u - a +2 hat
Scrolls
 d - 2 scrolls of amnesia {unknown}
 e - a scroll of enchant armour
 j - a scroll of magic mapping {unknown}
 l - a scroll of enchant weapon {unknown}
 o - a scroll of teleportation {unknown}
 r - 2 scrolls of blinking {unknown}
 s - a scroll of fear {unknown}
 t - a scroll of identify
Potions
 f - a potion of stabbing {unknown}
 g - 4 potions of lignification
 k - 2 potions of invisibility {unknown}
 m - 2 potions of brilliance {unknown}
Comestibles
 c - 4 rations
 v - 12 chunks of flesh


   Skills:
 + Level 4.6 Fighting
 + Level 3.6 Long Blades
 + Level 3.5 Armour
 + Level 1.8 Dodging
 + Level 1.2 Stealth
 + Level 2.2 Invocations


You had 5 spell levels left.
You didn't know any spells.
Your spell library was empty.

Dungeon Overview and Level Annotations

Branches:
Dungeon (4/15)             Temple (0/1) D:4

Altars:
Ashenzari
Fedhas


Innate Abilities, Weirdness & Mutations

You cannot be hasted, slowed, berserked, paralysed or teleported.
You can dig through walls and to a lower floor.
Your four strong arms can wield two-handed weapons with a shield.
You have a pair of large antennae on your head. (SInv)


Message History

The ogre shouts!
An ogre is nearby!
The ogre barely misses you.
Some of the chunks of flesh in your inventory have rotted away.
You hit the ogre.
The ogre is lightly wounded.
The ogre hits you with a +0 giant spiked club!!
Ouch! That really hurt!
You hit the ogre.
The ogre is moderately wounded.
The ogre hits you with a +0 giant spiked club!!
* * * LOW HITPOINT WARNING * * *
You hit the ogre.
The ogre is moderately wounded.
The ogre barely misses you.
You riposte.
You hit the ogre.
The ogre is moderately wounded.
You hit the ogre.
The ogre is heavily wounded.
The ogre hits you with a +0 giant spiked club!!
You die...

#..............#
#..............#
#.............#
.............#
#............#
#............#
##...........#
.............#
.........O@..#
####.........#
#.........#
###.......#
###.....#
..##..# ... ###
...#


You could see an ogre.

Vanquished Creatures
  An orc priest (D:3)
  2 orc wizards (D:3)
  Robin (D:3)
  An adder (D:2)
  4 worms
  2 dart slugs
  A leopard gecko (D:1)
  9 orcs (D:3)
  A ball python (D:1)
  8 giant cockroaches
  15 goblins
  12 hobgoblins
  12 bats
  4 frilled lizards
  7 kobolds
  5 rats
85 creatures vanquished.

Notes
Turn   | Place    | Note
-------+----------+-------------------------------------------
     0 | Abyss:1  | Felrender the Formicid Abyssal Knight began the quest for
                  | the Orb.
     0 | Abyss:1  | Reached XP level 1. HP: 18/18 MP: 2/2
    61 | Abyss:1  | Noticed an orange demon
    61 | Abyss:1  | Noticed a smoke demon
    63 | D:1      | Escaped the Abyss
   374 | D:1      | Reached XP level 2. HP: 20/24 MP: 3/3
   558 | D:1      | Reached * piety under Lugonu
   572 | D:1      | Reached skill level 1 in Dodging
   776 | D:1      | Reached XP level 3. HP: 25/30 MP: 4/4
   845 | D:1      | Reached skill level 4 in Fighting
   862 | D:1      | You fall into a shaft and drop 1 floor!
  1001 | D:2      | Found a shattered altar of Ashenzari.
  1524 | D:2      | Found a faded altar of an unknown god.
  1539 | D:2      | Reached XP level 4. HP: 37/38 MP: 5/5
  1804 | D:3      | Found a blossoming altar of Fedhas.
  1922 | D:3      | Reached ** piety under Lugonu
  1934 | D:3      | Reached XP level 5. HP: 29/43 MP: 6/6
  2115 | D:3      | Reached skill level 1 in Stealth
  2999 | D:3      | Reached XP level 6. HP: 47/49 MP: 7/7
  3200 | D:3      | Noticed Robin
  3216 | D:3      | Killed Robin
  3353 | D:4      | Found a staircase to the Ecumenical Temple.
  3403 | D:4      | Noticed an ogre
  3411 | D:4      | Demolished by an ogre

Levels and vault maps discovered:
D:1:      dpeg_arrival_erosion, layout_rooms, grunt_decor_arrowhead
D:2:      layout_rooms, ashenzari_conservatory_becter,
          chequers_ecumenical_altar_simple_redux, hex_tiny
D:3:      layout_loops_ring, overflow_temple_1_default, kennysheep_small_spiral,
          uniq_robin
D:4:      layout_layer_cave, yredelemnul_forgotten_temple_becter,
          minmay_temple_entry_mini_moons, xom_teletrap_fun

Skill      XL: |  1  2  3  4  5 |
---------------+----------------+-----
Dodging        | 1 |  1.8
Fighting       | 4 |  4.6
Armour         | 3 |  3.5
Stealth        | 1 |  1.2
Long Blades    | 3 |  3.6
Invocations    | |  2.2

Action                   |  1- 3 |  4- 6 || total
-------------------------+-------+-------++-------
Melee: Falchion          |   112 |   156 ||   268
Invok: Depart the Abyss  |     1 |       ||     1
  Use: Scroll            |     3 |       ||     3
  Eat: Chunk             |     2 |     4 ||     6
       Ration            |       |     1 ||     1
Armor: Leather armour    |    40 |     1 ||    41
       Scale mail        |       |    72 ||    72
Dodge: Dodged            |    67 |    96 ||   163
       Rpst.: Falchion   |    24 |    34 ||    58

Table legend:
 A = Non-vault XP
 B = Vault XP
 C = Vault XP percentage of total XP
 D = Non-vault monster count
 E = Vault monster count
 F = Vault count percentage of total count
                 A         B        C        D         E       F
            +---------+---------+-------+---------+---------+-------
      Total |     280 |      30 |   9.7 |      77 |       8 |   9.4
            +---------+---------+-------+---------+---------+-------
        D:1 |      39 |       0 |   0.0 |      23 |       0 |   0.0
        D:2 |      53 |       0 |   0.0 |      18 |       0 |   0.0
        D:3 |     187 |      30 |  13.8 |      35 |       8 |  18.6
        D:4 |       1 |       0 |   0.0 |       1 |       0 |   0.0
            +---------+---------+-------+---------+---------+-------
